 Dungeon Crawl Stone Soup version 0.31-a0-1134-gb247575874 (webtiles) character file.

Game seed: 14172923416169486902

124 night the Digger (level 4, 0/49 HPs)
             Began as a Demigod Earth Elementalist on Dec 5, 2023.
             Slain by an orc
             ... wielding a +0 short sword
              (4 damage)
             ... on level 2 of the Dungeon.
             The game lasted 00:06:06 (2406 turns).

night the Digger (Demigod Earth Elementalist)       Turns: 2406, Time: 00:06:06

Health: 0/49       AC:  2    Str:  9    XL:     4   Next: 52%
Magic:  6/10       EV: 12    Int: 21    God:
Gold:   78         SH:  0    Dex: 14    Spells: 4/8 levels left

rFire   . . .        q - +0 quarterstaff
rCold   . . .        (shield currently unavailable)
rNeg    . . .        a - +0 robe
rPois   .            (no helmet)
rElec   .            (no cloak)
rCorr   .            (no gloves)
SInv    .            (no boots)
Will    .....        (no amulet) Stlth
                     (no ring)
HPRegen 0.28/turn    (no ring)
MPRegen 0.12/turn

%: no passive effects
@: berserking, very quick
A: high MP 1, forlorn, divine attributes
a: no special abilities


You were on level 2 of the Dungeon.
You visited 1 branch of the dungeon, and saw 3 of its levels.

You collected 78 gold pieces.

Inventory:

Hand Weapons
 g - a +0 short sword
 m - a +0 dagger of venom
 q - a +0 quarterstaff (weapon)
Missiles
 d - 41 stones
 f - a throwing net
Armour
 a - a +0 robe (worn)
Jewellery
 n - the ring of Omufaep {rElec rN+ Int+2 Dex-3}
   (You found it on level 2 of the Dungeon)

   [ring of positive energy]

   Int+2:     It affects your intelligence (+2).
   Dex-3:     It affects your dexterity (-3).
   rElec:     It insulates you from electricity.
   rN+:       It protects you from negative energy.
Scrolls
 c - a scroll of immolation {unknown}
 e - 2 scrolls of identify {unknown}
 i - 2 scrolls of amnesia {unknown}
 k - a scroll of summoning {unknown}
 l - a scroll of revelation {unknown}
 p - 2 scrolls of blinking {unknown}
Potions
 b - a potion of magic
 h - a potion of ambrosia {unknown}
 j - a potion of berserk rage
 o - a potion of heal wounds {unknown}


   Skills:
 + Level 0.5 Staves
 - Level 1.7 Dodging
 - Level 1.7 Stealth
 + Level 2.6 Spellcasting
 + Level 1.0 Conjurations
 - Level 0.8 Transmutations
 * Level 4.2 Earth Magic


You had 4 spell levels left.
You knew the following spells:

 Your Spells              Type           Power      Damage    Failure   Level
a - Sandblast             Erth           40%        2d10      2%          1
b - Stone Arrow           Conj/Erth      26%        3d8       14%         3

Your spell library contained the following spells:

 Spells                   Type           Power      Damage    Failure   Level
 Passwall                 Tmut/Erth      10%        N/A       8%          2
 Summon Small Mammal      Summ           8%         N/A       14%         1
 Call Canine Familiar     Summ           2%         N/A       38%         3
 Summon Guardian Golem    Hex/Summ       2%         N/A       38%         3
 Brom's Barrelling Bould  Conj/Erth      13%        2d4       43%         4
 Petrify                  Tmut/Erth      13%        N/A       43%         4


Dungeon Overview and Level Annotations

Branches:
Dungeon (3/15)


Innate Abilities, Weirdness & Mutations

You have an increased reservoir of magic. (+10% MP)
You shall have no god before yourself.
Your divine heritage dramatically boosts your attributes as you level up.


Message History

Casting: Sandblast (safe; 2% risk of failure)
Confirm with . or Enter, or press ? or * to list all spells.
Aiming: Sandblast (safe; 2% risk of failure)
Press: ? - help, Shift-Dir - straight line, f - orc
Aim: an orc, wielding a +0 hand axe and wearing a +0 ring mail (85% to hit)
The blast of sand misses the orc.
The blast of sand hits the orc priest.
The orc priest is moderately wounded.
The orc hits you with a +0 hand axe. The orc barely misses you.
The orc hits you with a +0 hand axe.
The orc priest hits you with a +0 war axe.
* * * LOW HITPOINT WARNING * * *
The orc hits you but does no damage. x2
You climb upwards.
There is a stone staircase leading down here.
Casting: Sandblast (safe; 2% risk of failure)
Confirm with . or Enter, or press ? or * to list all spells.
Aiming: Sandblast (safe; 2% risk of failure)
Press: ? - help, Shift-Dir - straight line, f - orc priest
Aim: an orc priest, wielding a +0 war axe and wearing a +0 ring mail (moderately wounded, 85% to hit)
The blast of sand hits the orc priest.
The orc priest is severely wounded.
The orc hits you with a +0 short sword.
* * * LOW HITPOINT WARNING * * *
The orc hits you with a +0 hand axe.
* * * LOW HITPOINT WARNING * * *
The orc priest hits you with a +0 war axe.
* * * LOW HITPOINT WARNING * * *
Sorry, you're not good enough to have a special ability.
It was a potion of berserk rage.
A red film seems to cover your vision as you go berserk!
You feel yourself moving faster!
You feel mighty! The orc barely misses you. The orc misses you.
The orc priest closely misses you.
You sock the orc priest!
You kill the orc priest!
The orc hits you with a +0 short sword.
* * * LOW HITPOINT WARNING * * *
The orc closely misses you.
Your Conjurations skill increases to level 1!
You closely miss the orc. The orc hits you with a +0 short sword.
You die...

..........#########.#..#..#
........#..#......#.#..#..#
........##........#.#..#..#
........###.......#.#..#..#
.......................#..#######
......######......#.##.#.###.....
...........'......#....#.# #.####
......######....)o.......# #.#
......# #####@........# #.#
......# ##o...##### #.### ......#
#....# #.#<# ......# #....# #.#.#
....### #....#######.#.# .##.#
#..........#.#.#
.##.######################.#.#.#
..#........................#.#.#
############################.#.##


You could see 2 orcs.

Vanquished Creatures
  An orc priest (D:2)
  3 adders (D:2)
  2 worms (D:2)
  A dart slug (D:1)
  An orc (D:3)
  2 ball pythons (D:1)
  5 bats
  3 endoplasms
  A giant cockroach (D:1)
  8 hobgoblins
  8 jackals (D:2)
  2 quokkas
  A frilled lizard (D:1)
  4 goblins
  11 kobolds
  3 rats
56 creatures vanquished.

Notes
Turn   | Place    | Note
-------+----------+-------------------------------------------
     0 | D:1      | night the Demigod Earth Elementalist began the quest for
                  | the Orb.
     0 | D:1      | Reached XP level 1. HP: 14/14 MP: 5/5
   132 | D:1      | Reached skill level 3 in Earth Magic
   150 | D:1      | Reached skill level 2 in Spellcasting
   217 | D:1      | Reached XP level 2. HP: 20/20 MP: 5/7
   967 | D:2      | Reached XP level 3. HP: 9/26 MP: 5/9
  1336 | D:2      | Learned a level 3 spell: Stone Arrow
  1445 | D:2      | Identified the ring of Omufaep {rElec rN+ Int+2 Dex-3}
  1843 | D:2      | Reached skill level 4 in Earth Magic
  2009 | D:2      | Reached XP level 4. HP: 33/33 MP: 8/10
  2403 | D:2      | HP: 4/33 [orc/+0 hand axe (3)]
  2406 | D:2      | Reached skill level 1 in Conjurations
  2406 | D:2      | Slain by an orc

Illustrated notes

Levels and vault maps discovered:
D:1:      amcnicky_arrival_abandoned_market, layout_basic
D:2:      layout_basic
D:3:      layout_basic, bloody_makhleb, nicolae_overflow_hidden_temple,
          minmay_circle_x

Skill      XL: |  1  2  3  4 |
---------------+-------------+-----
Earth Magic    | 3 4 |  4.2
Spellcasting   | 2 |  2.6
Conjurations   | 1 |  1.0
Staves         | |  0.5
Dodging        | |  1.7
Stealth        | |  1.7
Transmutations | |  0.8

Action                     |  1- 3 |  4- 6 || total
---------------------------+-------+-------++-------
  Melee: Dagger            |    33 |     5 ||    38
         Short sword       |     2 |       ||     2
         Punch             |     1 |       ||     1
         Quarterstaff      |       |     8 ||     8
   Cast: Sandblast         |    60 |    13 ||    73
    Use: Potion            |       |     1 ||     1
   Stab: Sleeping          |     3 |       ||     3
 Armour: Robe              |    27 |    21 ||    48
  Dodge: Dodged            |    35 |    16 ||    51

Table legend: (Time is in decaauts)
 A = Elapsed time spent in this place.
 B = Non-inter-level travel time spent in this place.
 C = Inter-level travel time spent in this place.
 D = Time resting spent in this place.
 E = Time spent auto-exploring this place.
 F = Levels seen in this place.
 G = Mean time per level.
                   A        B        C        D        E       F      G
               +--------+--------+--------+--------+--------+-----+--------+
         Total |   2442 |   2359 |     83 |    177 |   1815 |   3 |  814.0 |
       Dungeon |   2442 |   2359 |     83 |    177 |   1815 |   3 |  814.0 |
               +--------+--------+--------+--------+--------+-----+--------+

Top non-repeatable levels by time:
     D:2: 1468 daAuts
     D:1: 956 daAuts
     D:3: 17 daAuts
